 Dungeon Crawl Stone Soup version 0.19-a0-1937-g70ed36a (webtiles) character file.

11202 Kaname the Geomancer (level 11, -7/79 HPs)
             Began as a Demonspawn Earth Elementalist on Oct 26, 2016.
             Was a High Priest of Okawaru.
             Mangled by a hill giant
             ... wielding a +0 giant club
              (34 damage)
             ... on level 11 of the Dungeon.
             The game lasted 01:02:42 (17785 turns).

Kaname the Geomancer (DsEE)                        Turns: 17785, Time: 01:02:43

Health: -7/79      AC:  8    Str:  8    XL:     11   Next: 46%
Magic:  0/20       EV: 12    Int: 20    God:    Okawaru [*****.]
Gold:   224        SH:  0    Dex: 14    Spells: 5 memorised, 1 level left

rFire  . . .     SeeInvis +     a - +2 dagger (venom)
rCold  . . .     Gourm    .     y - +0 leather armour
rNeg   . . .     Faith    .     (no shield)
rPois  +         Spirit   +     (no helmet)
rElec  .         Reflect  .     e - +0 cloak
rCorr  .         Harm     .     r - +0 pair of gloves
MR     .....     Clarity  +     (no boots)
Stlth  ++........               v - amulet of rage
                                u - +3 ring of protection
                                q - ring of poison resistance

@: very slightly contaminated
A: claws 1, see invisible, clarity, powered by pain 2, magic shield, magic
regeneration, magic link, sturdy frame 1
a: Heroism, Finesse, Renounce Religion, Evoke Berserk Rage


You were on level 11 of the Dungeon.
You worshipped Okawaru.
Okawaru was extremely pleased with you.
You were not hungry.

You visited 2 branches of the dungeon, and saw 12 of its levels.

You collected 574 gold pieces.
You spent 350 gold pieces at shops.

Inventory:

Hand Weapons
 a - a +2 dagger of venom (weapon)
Missiles
 A - 3 throwing nets (quivered)
Armour
 e - a +0 cloak (worn)
 r - a +0 pair of gloves (worn)
 y - a +0 leather armour (worn)
 D - a +2 plate armour of fire resistance
Rods
 L - a +5 lightning rod (13/13)
   (You found it on level 10 of the Dungeon)
Jewellery
 q - a ring of poison resistance (left hand)
 u - a +3 ring of protection (right hand)
 v - an amulet of rage (around neck)
 M - an uncursed ring of protection from fire
Wands
 C - a wand of iceblast (0/15)
 E - a wand of enslavement (5/24)
 G - a wand of lightning (0/15)
Scrolls
 i - 4 scrolls of enchant weapon
 j - 4 scrolls of identify
 n - 4 scrolls of enchant armour
 o - a scroll of noise {unknown}
 p - 3 scrolls of amnesia
 t - 5 scrolls of remove curse
 B - a scroll of immolation
 F - 2 scrolls of holy word {unknown}
 H - a scroll of recharging {unknown}
 I - a scroll of magic mapping
 J - 2 scrolls of teleportation
Potions
 c - a potion of lignification
 g - 2 potions of might
 h - a potion of cure mutation {unknown}
 k - a potion of resistance {unknown}
 m - 4 potions of curing
 w - 2 potions of ambrosia
 x - a potion of brilliance
 z - a potion of invisibility {unknown}
 N - a potion of agility {unknown}
Books
 b - a book of Flames

   Spells                             Type                      Level
   a - Flame Tongue                   Conjuration/Fire             1
   b - Throw Flame                    Conjuration/Fire             2
   c - Conjure Flame                  Conjuration/Fire             3
   d - Inner Flame                    Hexes/Fire                   3
   e - Sticky Flame                   Conjuration/Fire             4
   f - Fireball                       Conjuration/Fire             5
Miscellaneous
 K - a crystal ball of energy
Comestibles
 d - 8 bread rations
 l - 2 royal jellies
 s - 9 beef jerkies


   Skills:
 - Level 5.0 Fighting
 - Level 1.7 Dodging
 - Level 1.7 Stealth
 - Level 6.1 Spellcasting
 + Level 9.6 Conjurations
 - Level 5.1 Transmutations
 - Level 10.1 Earth Magic
 - Level 5.0 Poison Magic
 - Level 3.1 Invocations


You had one spell level left.
You knew the following spells:

 Your Spells              Type           Power        Failure   Level  Hunger
a - Venom Bolt            Conj/Pois      #####.....   17%         5    #####..
b - Fireball              Conj/Fire      ####......   50%         5    #####..
c - Passwall              Tmut/Erth      #####.....   1%          2    None
d - Petrify               Tmut/Erth      #####...     6%          4    ####...
e - Lee's Rapid Deconstr  Erth           #####.....   6%          5    #####..


Dungeon Overview and Level Annotations

Branches:
Dungeon (11/15)            Temple (1/1) D:7            Lair (0/6) D:10
    Orc (0/2) D:10

Altars:
Ashenzari
Dithmenos
Fedhas
Hepliaklqana
Kikubaaqudgha
Nemelex Xobeh
Okawaru
Qazlal
Ru
Trog
Xom
Yredelemnul
Zin

Shops:
D:4 :

Annotations:
D:10 slumpy's ghost, journeyman GrVM


Innate Abilities, Weirdness & Mutations

You have sharp fingernails.
You sometimes gain power by taking damage.
When hurt, damage is shared between your health and your magic reserves.
You regenerate magic rapidly.
When low on magic, you restore magic in place of health.
Your movements are slightly less encumbered by armour. (ER -2)
You have supernaturally acute eyesight. (SInv)
You possess an exceptional clarity of mind.


Message History

The hippogriff closely misses you. The hippogriff barely misses you.
The hippogriff claws you.
* * * LOW HITPOINT WARNING * * *
You feel much better. The manticore bites you! The manticore claws you. x2
The hippogriff bites you! The hippogriff barely misses you.
The hippogriff claws you.
Your surroundings suddenly seem different.
A white ugly thing comes into view.
The white ugly thing gurgles horribly!
An ogre comes into view. It is wielding a giant club.
The ogre shouts!
A hill giant comes into view. It is wielding a giant club.
The hill giant shouts!
The vampire closely misses you.
The vampire bites you but does no damage.
Found 14 gold pieces and a twisted golden ring.
A vampire comes into view.
Okay, then.
The hill giant hits you with a giant club!!!
You die...

#.
##.#######
#........#
.........#
#........#
#.......O#
#......u.#
#......CV#
#......@.#
#........#
#.....$..#
#.=......#
##########


You could see a white ugly thing, a hill giant, a vampire and an ogre.

Vanquished Creatures
  A centaur warrior (D:10)
  A hill giant (D:10)
  A cyclops (D:11)
  A gargoyle (D:9)
  A troll (D:11)
  A hornet (D:11)
  2 hippogriffs
  Grum (D:8)
  5 yaks (D:10)
  Edmund (D:6)
  A water moccasin (D:10)
  Duvessa (D:4)
  2 hell hounds (D:10)
  A floating eye (shapeshifter) (D:10)
  5 orc warriors
  6 ice beasts
  An eye of draining (D:10)
  3 sky beasts
  A black bear (D:9)
  2 necrophages
  10 ogres
  2 phantoms
  4 wolves (D:8)
  5 centaurs
  2 crocodiles
  2 big kobolds
  4 bullfrogs
  Blork the orc (D:6)
  A scorpion (D:3)
  2 water moccasin skeletons
  Dowan (D:4)
  A jelly (D:8)
  The ghost of Jorund the Chopper, a weakling DsGl (D:3)
  4 wights (D:7)
  2 howler monkeys (D:11)
  11 crimson imps
  8 hounds
  2 quasits (D:10)
  2 centaur zombies
  2 centaur skeletons
  6 orc priests
  2 bullfrog skeletons (D:5)
  7 orc wizards
  Jessica (D:2)
  Natasha (thrice) (D:4)
  3 iguanas
  13 worker ants
  3 hound skeletons
  A worker ant zombie (D:10)
  2 howler monkey zombies (D:8)
  6 gnolls
  10 adders
  4 shadow imps
  An adder zombie (D:9)
  A worm (D:4)
  4 dart slugs
  7 leopard geckos
  24 orcs
  A ball python (D:4)
  9 bats
  6 giant cockroaches
  6 hobgoblins
  7 jackals
  6 quokkas
  4 frilled lizards
  6 goblins
  15 kobolds
  A leopard gecko skeleton (D:4)
  2 quokka skeletons
  A quokka zombie (D:5)
  7 rats
274 creatures vanquished.

Vanquished Creatures (others)
  An orc wizard (D:11)
1 creature vanquished.

Grand Total: 275 creatures vanquished

Notes
Turn   | Place    | Note
-------+----------+-------------------------------------------
     0 | D:1      | Kaname the Demonspawn Earth Elementalist began the quest for the Orb.
     0 | D:1      | Reached XP level 1. HP: 13/13 MP: 3/3
   358 | D:1      | Reached skill level 3 in Earth Magic
   693 | D:1      | Gained mutation: You sometimes gain a little power by taking damage. [demonic ancestry]
   693 | D:1      | Reached XP level 2. HP: 18/19 MP: 3/5
  1907 | D:2      | Gained mutation: Your movements are slightly less encumbered by armour. (ER -2) [demonic ancestry]
  1907 | D:2      | Reached XP level 3. HP: 22/24 MP: 3/6
  1933 | D:2      | Learned a level 3 spell: Stone Arrow
  1961 | D:2      | Noticed Jessica
  1970 | D:2      | Killed Jessica
  1970 | D:2      | Reached skill level 4 in Earth Magic
  2536 | D:2      | Reached XP level 4. HP: 28/30 MP: 0/7
  3388 | D:3      | Found a faded altar of an unknown god.
  3471 | D:3      | Reached skill level 5 in Earth Magic
  3524 | D:3      | Noticed Jorund's ghost (weakling DsGl)
  3921 | D:3      | Found a sacrificial altar of Ru.
  3930 | D:3      | Reached skill level 1 in Conjurations
  3930 | D:3      | Gained mutation: You have sharp fingernails. [demonic ancestry]
  3930 | D:3      | Reached XP level 5. HP: 22/35 MP: 1/8
  4346 | D:3      | Learned a level 2 spell: Passwall
  4789 | D:4      | Noticed a hippogriff
  4858 | D:3      | Killed Jorund's ghost
  4858 | D:3      | Gained mutation: You sometimes gain power by taking damage. [demonic ancestry]
  4858 | D:3      | Reached XP level 6. HP: 41/41 MP: 1/9
  4991 | D:4      | Found Yjemem's Book Shop.
  5007 | D:4      | Noticed Duvessa
  5007 | D:4      | Noticed Dowan
  5227 | D:4      | Killed a hippogriff
  5227 | D:4      | Reached skill level 6 in Earth Magic
  5227 | D:4      | Gained mutation: When hurt, damage is shared between your health and your magic reserves. [demonic ancestry]
  5227 | D:4      | Reached XP level 7. HP: 45/46 MP: 2/10
  5314 | D:4      | Learned a level 4 spell: Petrify
  5362 | D:4      | Killed Duvessa
  5914 | D:4      | Noticed Natasha
  5921 | D:4      | Killed Natasha
  6158 | D:4      | Learned a level 5 spell: Lee's Rapid Deconstruction
  6328 | D:5      | Entered Level 5 of the Dungeon
  6375 | D:4      | Killed Dowan
  6490 | D:4      | Reached skill level 5 in Spellcasting
  6490 | D:4      | Reached XP level 8. HP: 29/52 MP: 0/15
  6603 | D:4      | Noticed Natasha
  6613 | D:4      | Killed Natasha
  7101 | D:4      | Noticed Natasha
  7102 | D:4      | Killed Natasha
  7528 | D:5      | Reached skill level 7 in Earth Magic
  7972 | D:5      | Found a stormy altar of Qazlal.
  8370 | D:6      | Noticed Blork the orc
  8372 | D:6      | Killed Blork the orc
  8409 | D:6      | Reached skill level 8 in Earth Magic
  8759 | D:6      | Noticed Edmund
  9012 | D:6      | Killed Edmund
  9012 | D:6      | Reached skill level 9 in Earth Magic
  9110 | D:6      | Gained mutation: You regenerate magic rapidly. [demonic ancestry]
  9110 | D:6      | Reached XP level 9. HP: 51/57 MP: 9/16
  9876 | D:7      | Reached skill level 10 in Earth Magic
  9955 | D:7      | Reached skill level 1 in Transmutations
 10511 | D:7      | Found a staircase to the Ecumenical Temple.
 10571 | Temple   | Entered the Ecumenical Temple
 10591 | Temple   | Became a worshipper of Warmaster Okawaru
 11231 | D:8      | Reached skill level 5 in Transmutations
 11233 | D:8      | Noticed Grum
 11248 | D:8      | Killed Grum
 11248 | D:8      | Reached * piety under Okawaru
 11263 | D:8      | Found a sparkling altar of Nemelex Xobeh.
 11596 | D:8      | Reached skill level 1 in Fighting
 11769 | D:7      | Gained mutation: When low on magic, you restore magic in place of health. [demonic ancestry]
 11769 | D:7      | Reached XP level 10. HP: 68/68 MP: 3/17
 11896 | D:7      | Gained mutation: You have supernaturally acute eyesight. (SInv) [mutagenic meat]
 11897 | D:7      | Gained mutation: You possess an exceptional clarity of mind. [mutagenic meat]
 11898 | D:7      | Gained mutation: You are clumsy. (Dex -2) [mutagenic meat]
 11899 | D:7      | Lost mutation: You are clumsy. (Dex -2) [mutagenic meat]
 12476 | D:8      | Learned a level 5 spell: Venom Bolt
 12500 | D:8      | Reached skill level 5 in Fighting
 12519 | D:8      | Reached ** piety under Okawaru
 12519 | D:8      | Reached skill level 1 in Poison Magic
 13251 | D:9      | Found a shattered altar of Ashenzari.
 13323 | D:9      | Found a glowing silver altar of Zin.
 13335 | D:9      | Found a hazy altar of Hepliaklqana.
 13348 | D:9      | Found a stormy altar of Qazlal.
 13496 | D:9      | Found a shadowy altar of Dithmenos.
 13709 | D:9      | Reached skill level 5 in Poison Magic
 13846 | D:4      | Bought a book of Flames for 350 gold pieces
 14104 | D:10     | Entered Level 10 of the Dungeon
 14247 | D:10     | Learned a level 5 spell: Fireball
 14333 | D:10     | Noticed slumpy's ghost (journeyman GrVM)
 14504 | D:10     | Noticed a gargoyle
 14510 | D:10     | Noticed a centaur warrior
 14515 | D:9      | Killed a gargoyle
 14515 | D:9      | Reached *** piety under Okawaru
 14775 | D:10     | Reached skill level 5 in Conjurations
 14986 | D:10     | Found a staircase to the Lair.
 14992 | D:10     | Found a staircase to the Orcish Mines.
 15817 | D:10     | Reached XP level 11. HP: 48/79 MP: 13/20
 16295 | D:10     | Killed a centaur warrior
 16295 | D:10     | Reached **** piety under Okawaru
 16329 | D:10     | Noticed a hill giant
 16332 | D:10     | Killed a hill giant
 17526 | D:11     | Noticed a centaur warrior
 17713 | D:11     | Reached ***** piety under Okawaru
 17784 | D:11     | Noticed a white ugly thing
 17784 | D:11     | Noticed a hill giant
 17785 | D:11     | Mangled by a hill giant

Vault maps used:
D:1:      scummos_arrival_gate
D:2:      minmay_door_path, uniq_jessica
D:3:      nicolae_ru_great_annihilating_truth, ecumenical_altar_1, first_bread,
          minmay_misc_feat_rugged
D:4:      serial_shops, nicolae_shop_crystal, hangedman_feature_mirror,
          uniq_natasha, uniq_duvessa
D:5:      basic_altar
D:6:      uniq_blork_the_orc, uniq_edmund
D:7:      grunt_ogre_cave, eino_tiny_chamber
D:8:      nemelex_lonely_heart_becter, uniq_grum
D:9:      nicolae_overflow_quartered_altars, minmay_misc_feat_ornament,
          grunt_dithmenos_smoke
D:10:     cheibrodos_elevator_heist, minmay_lair_entry_lava, orc_0_dummy
D:11:     minivault_20, minivault_24
Temple:   compressed_dpeg_circular_temple

Skill      XL: |  1  2  3  4  5  6  7  8  9 10 11 |
---------------+----------------------------------+-----
Earth Magic    | 3 4 5 6 9 10 | 10.1
Conjurations   | 1 3 4 6 9 |  9.6
Spellcasting   | 5 6 |  6.1
Transmutations | 5 |  5.1
Invocations    | 3 |  3.1
Fighting       | 2 5 |  5.0
Poison Magic   | 5 |  5.0
Dodging        | |  1.7
Stealth        | |  1.7

Action                   |  1- 3 |  4- 6 |  7- 9 | 10-12 || total
-------------------------+-------+-------+-------+-------++-------
Melee: Short sword       |    71 |       |       |       ||    71
       Unarmed           |    16 |       |       |       ||    16
       Long sword        |    12 |   111 |   225 |   253 ||   601
       Punch             |       |       |       |     1 ||     1
       Dagger            |       |       |       |   119 ||   119
Throw: Stone             |       |       |     1 |       ||     1
       Javelin           |       |       |     1 |       ||     1
 Cast: Sandblast         |    53 |    46 |       |       ||    99
       Stone Arrow       |       |    11 |   116 |    78 ||   205
       Lee's Rapid Decon |       |       |     7 |    47 ||    54
       Petrify           |       |       |       |     8 ||     8
       Passwall          |       |       |       |     1 ||     1
Invok: Heroism           |       |       |       |     1 ||     1
Evoke: Wand              |       |       |     1 |     7 ||     8
  Use: Scroll            |     6 |     2 |     9 |     6 ||    23
       Potion            |       |     1 |       |     4 ||     5
 Stab: Sleeping          |     1 |     1 |     3 |     2 ||     7
       Petrified         |       |       |       |    15 ||    15
       Petrifying        |       |       |       |     1 ||     1
  Eat: Chunk             |     4 |    10 |    25 |    20 ||    59
       Pizza             |     1 |       |       |       ||     1
       Bread ration      |       |       |     1 |     1 ||     2
       Meat ration       |       |       |       |     4 ||     4
Armor: Robe              |    33 |    48 |    11 |       ||    92
       Skin              |       |    45 |     6 |       ||    51
       Leather armour    |       |       |    76 |   168 ||   244
Dodge: Dodged            |    98 |   108 |   187 |   327 ||   720
       Rpst.: Long sword |     4 |    34 |    53 |    77 ||   168
